 Seeded DCSS version 0.29-a0-506-ga2e7fffb44 (webtiles) character file.

Game seed: 20220529 (custom seed)

298 a11behringer the Chopper (level 6, -4/53 HPs)
             Began as a Hill Orc Cinder Acolyte on May 29, 2022.
             Was a High Priest of Ignis.
             Slain by a gnoll
             ... wielding a +0 spear
              (6 damage)
             ... on level 3 of the Dungeon.
             The game lasted 00:06:35 (2795 turns).

a11behringer the Chopper (Hill Orc Cinder Acolyte)  Turns: 2795, Time: 00:06:36

Health: -4/53      AC:  6    Str: 19    XL:     6   Next: 36%
Magic:  7/7        EV: 11    Int: 14    God:    Ignis [*****.]
Gold:   93         SH:  0    Dex:  6    Spells: 5/7 levels left

rFire   + . .      SeeInvis .   s - +2 whip (elec)
rCold   . . .      Faith    .   (no shield)
rNeg    . . .      Spirit   .   j - +0 leather armour
rPois   .          Reflect  .   v - +2 hat
rElec   .          Harm     .   u - +0 cloak
rCorr   .          Rampage  .   (no gloves)
Will    .....                   (no boots)
Stlth   +.........              t - amulet of magic regeneration
HPRegen 0.17/turn               (no ring)
MPRegen 0.50/turn               (no ring)

@: no status effects
A: no striking features
a: Renounce Religion, Fiery Armour, Foxfire Swarm, Rising Flame


You were on level 3 of the Dungeon.
You worshipped Ignis.
Ignis was extremely pleased with you.
You visited 1 branch of the dungeon, and saw 3 of its levels.

You collected 93 gold pieces.

Inventory:

Hand Weapons
 a - a -1 hand axe of flaming
 s - a +2 whip of electrocution (weapon)
Armour
 b - a +0 robe
 j - a +0 leather armour (worn)
 u - a +0 cloak (worn)
 v - a +2 hat (worn)
 x - a +0 scale mail
Jewellery
 t - an amulet of magic regeneration (around neck)
Scrolls
 c - a scroll of acquirement {unknown}
 g - a scroll of enchant weapon {unknown}
 m - a scroll of fog {unknown}
 n - a scroll of summoning {unknown}
 o - a scroll of poison {unknown}
 p - 2 scrolls of identify {unknown}
 q - a scroll of blinking {unknown}
 r - a scroll of vulnerability {unknown}
 w - a scroll of amnesia {unknown}
Potions
 d - 2 potions of flight {unknown}
 e - a potion of resistance {unknown}
 f - 2 potions of might {unknown}
 h - a potion of degeneration {unknown}
 i - a potion of brilliance {unknown}
 k - a potion of attraction {unknown}
 l - a potion of lignification {unknown}


   Skills:
 + Level 4.6 Fighting
 + Level 6.5(6.8) Axes
 * Level 2.2(4.1) Maces & Flails
 + Level 2.0 Armour
 + Level 1.3 Dodging
 + Level 0.1 Stealth
 + Level 1.0 Spellcasting
 + Level 3.7 Fire Magic


You had 5 spell levels left.
You knew the following spells:

 Your Spells              Type           Power      Damage    Failure   Level
a - Scorch                Fire           22%        2d6       11%         2

Your spell library contained the following spells:

 Spells                   Type           Power      Damage    Failure   Level
 Inner Flame              Hex/Fire       5%         N/A       41%         3
 Poisonous Vapours        Pois/Air       0%         N/A       43%         2
 Cause Fear               Hex            0%         N/A       97%         4
 Corpse Rot               Necr/Pois/Air  0%         N/A       97%         4
 Discord                  Hex            0%         N/A       100%        8


Dungeon Overview and Level Annotations

Branches:
Dungeon (3/15)

Altars:

Annotations:
D:3 Gelos's ghost, amateur KoBr


Message History

The adder bites you but does no damage. The adder attacks as you move away!
The adder bites you but does no damage. The adder bites you but does no damage.
The adder attacks as you move away! The adder barely misses you.
The adder closely misses you.
You completely miss the adder. The adder closely misses you.
The gnoll hits you but does no damage.
You hit the adder.
The adder is lightly wounded.
The adder bites you but does no damage.
You miss the adder.
The adder is lightly wounded.
The gnoll hits you from afar with a +0 spear!
The adder bites you but does no damage.
You closely miss the adder.
The adder is lightly wounded.
The adder bites you but does no damage.
The gnoll hits you from afar with a +0 spear.
You hit the adder. Lightning courses through the adder!
You kill the adder!
The gnoll hits you from afar with a +0 spear.
The gnoll hits you from afar with a +2 vorpal halberd!
The gnoll hits you but does no damage.
You see here an adder corpse.
You completely miss the gnoll. The gnoll closely misses you.
The gnoll misses you.
You closely miss the gnoll. The gnoll hits you with a +0 spear.
The gnoll hits you but does no damage.
You closely miss the gnoll. The gnoll hits you with a +0 spear.
The gnoll hits you from afar with a +2 vorpal halberd.
* * * LOW HITPOINT WARNING * * *
x2 You closely miss the gnoll.
The gnoll closely misses you.
The gnoll hits you from afar with a +2 vorpal halberd!
* * * LOW HITPOINT WARNING * * *
x2 You completely miss the gnoll.
The gnoll hits you but does no damage. The gnoll misses you.
You whack the gnoll!
The gnoll is heavily wounded.
The gnoll hits you with a +0 spear.
You die...

###'######
#........
#....... #......
..... ... #'# #.#
#@# #g# #g# #g#
#.##### #
#.....#####
#.#.........#
####...........#
..........#.....#


You could see 3 gnolls.

Vanquished Creatures
  Sigmund (D:2)
  An orc wizard (D:3)
  4 adders
  A worm (D:2)
  4 dart slugs
  4 orcs (D:3)
  4 ball pythons
  6 bats
  5 endoplasms
  2 giant cockroaches
  5 goblins
  5 hobgoblins
  6 jackals
  A quokka (D:2)
  4 frilled lizards (D:2)
  5 kobolds
  3 rats
61 creatures vanquished.

Vanquished Creatures (others)
  3 plants (D:1)
3 creatures vanquished.

Grand Total: 64 creatures vanquished

Notes
Turn   | Place    | Note
-------+----------+-------------------------------------------
     0 | D:1      | a11behringer the Hill Orc Cinder Acolyte began the quest
                  | for the Orb.
     0 | D:1      | Reached XP level 1. HP: 19/19 MP: 2/2
   361 | D:1      | Reached XP level 2. HP: 27/27 MP: 3/3
   375 | D:1      | Learned a level 2 spell: Scorch
  1165 | D:2      | Noticed Sigmund
  1166 | D:2      | You fall into a shaft and drop 1 floor!
  1255 | D:2      | Reached XP level 3. HP: 29/33 MP: 4/4
  1308 | D:2      | Killed Sigmund
  1309 | D:2      | Reached skill level 6 in Axes
  1309 | D:2      | Reached skill level 1 in Armour
  1309 | D:2      | Reached skill level 1 in Dodging
  1309 | D:2      | Reached XP level 4. HP: 28/41 MP: 5/5
  1309 | D:2      | Reached XP level 5. HP: 32/47 MP: 6/6
  1544 | D:2      | Found a faded altar of an unknown god.
  2485 | D:3      | Noticed Gelos's ghost (amateur KoBr)
  2504 | D:3      | Reached XP level 6. HP: 50/53 MP: 7/7
  2547 | D:3      | Reached skill level 1 in Maces & Flails
  2793 | D:3      | HP: 2/53 [gnoll/+2 vorpal halberd (1)]
  2795 | D:3      | Slain by a gnoll

Illustrated notes

Levels and vault maps discovered:
D:1:      heliophobic_arrival_glass_houses, layout_basic, amethyst_killhole,
          serial_bayou_lake_a
D:2:      layout_basic, basic_ecumenical_altar, minmay_quadrilaterals,
          uniq_sigmund
D:3:      layout_basic, gammafunk_ghost_split

Skill      XL: |  1  2  3  4  5  6 |
---------------+-------------------+-----
Fighting       | 4 |  4.6
Axes           | 6 |  6.5
Armour         | 1 2 |  2.0
Dodging        | 1 |  1.3
Maces & Flails | 2 |  2.2
Stealth        | |  0.1
Spellcasting   | |  1.0
Fire Magic     | |  3.7

Action                   |  1- 3 |  4- 6 || total
-------------------------+-------+-------++-------
Melee: Hand axe          |    73 |       ||    73
       Whip              |       |   129 ||   129
       Punch             |       |     1 ||     1
Invok: Fiery Armour      |     1 |       ||     1
Armor: Robe              |     3 |       ||     3
       Leather armour    |    29 |    39 ||    68
Dodge: Dodged            |    56 |    74 ||   130

Table legend: (Time is in decaauts)
 A = Elapsed time spent in this place.
 B = Non-inter-level travel time spent in this place.
 C = Inter-level travel time spent in this place.
 D = Time resting spent in this place.
 E = Time spent auto-exploring this place.
 F = Levels seen in this place.
 G = Mean time per level.
                   A        B        C        D        E       F      G
               +--------+--------+--------+--------+--------+-----+--------+
         Total |   2832 |   2634 |    198 |      0 |   2194 |   3 |  944.0 |
       Dungeon |   2832 |   2634 |    198 |      0 |   2194 |   3 |  944.0 |
               +--------+--------+--------+--------+--------+-----+--------+

Top non-repeatable levels by time:
     D:2: 1382 daAuts
     D:1: 1021 daAuts
     D:3: 427 daAuts
